 Dungeon Crawl Stone Soup version 0.20.1-1-g8b1a95d (webtiles) character file.

3165 tidbits the Martial Artist (level 9, -1/111 HPs)
             Began as a Demigod Transmuter on Aug 22, 2017.
             Slain by a freezing wraith (2 damage)
             ... led by a death knight
             ... on level 12 of the Dungeon.
             The game lasted 00:45:58 (3348 turns).

tidbits the Martial Artist (Demigod Transmuter)     Turns: 3348, Time: 00:45:58

Health: -1/111     AC:  7    Str: 18    XL:     9   Next: 36%
Magic:  15/15      EV: 14    Int: 23    God:
Gold:   230        SH:  0    Dex: 16    Spells: 7/12 levels left

rFire    . . .     SeeInvis .     - Unarmed
rCold    . . .     Gourm    .   (no shield)
rNeg     . . .     Faith    .   b - +0 robe
rPois    .         Spirit   .   (no helmet)
rElec    .         Reflect  .   C - +0 cloak
rCorr    .         Harm     .   G - +0 pair of gloves
MR       .....     Clarity  +   F - +2 pair of boots
Stlth    ..........             m - amulet of rage
Regen    0.3/turn               (no ring)
MPRegen  0.2/turn               (no ring)

@: berserking, very quick
A: blurry vision 1, clarity, high mp 1
a: Evoke Berserk Rage


You were on level 12 of the Dungeon.
You were not hungry.

You visited 1 branch of the dungeon, and saw 13 of its levels.
You also visited: Ossuary.

You collected 356 gold pieces.
You spent 126 gold pieces at shops.

Inventory:

Hand Weapons
 q - a +0 dagger of venom
   (You took it off an orc wizard on level 6 of the Dungeon)
Missiles
 a - 128 arrows
 e - 49 sling bullets
 f - 5 stones (quivered)
 y - 4 throwing nets {!f}
Armour
 b - a +0 robe (worn)
 C - a +0 cloak (worn)
 F - a +2 pair of boots (worn)
 G - a +0 pair of gloves (worn)
Jewellery
 m - an amulet of rage (around neck)
   (You found it on level 3 of the Dungeon)
 H - an uncursed ring of ice
   (You found it on level 8 of the Dungeon)
Wands
 p - a wand of paralysis (7/24)
 A - a wand of digging (4/24)
Scrolls
 k - 3 scrolls of fear
 r - a scroll of remove curse
 v - 3 scrolls of teleportation
 w - a scroll of magic mapping
 x - a scroll of brand weapon {unknown}
 z - a scroll of amnesia
 B - a scroll of recharging {unknown}
 D - a scroll of enchant weapon {unknown}
 E - a scroll of fog {unknown}
Potions
 h - 6 potions of curing
 j - 5 potions of flight
 l - a potion of might
 n - a potion of heal wounds {unknown}
 o - 2 potions of magic
 s - a potion of brilliance {unknown}
 t - a potion of resistance
 u - a potion of ambrosia {unknown}
Books
 c - a book of Changes

   Spells                             Type                      Level
   a - Beastly Appendage              Transmutation                1
   b - Sticks to Snakes               Transmutation                2
   c - Spider Form                    Transmutation/Poison         3
   d - Ice Form                       Ice/Transmutation            4
   e - Blade Hands                    Transmutation                5
 I - a book of Frost
   (You found it on level 8 of the Dungeon)

   Spells                             Type                      Level
   a - Freeze                         Ice                          1
   b - Throw Frost                    Conjuration/Ice              2
   c - Ozocubu's Armour               Charms/Ice                   3
   d - Throw Icicle                   Conjuration/Ice              4
   e - Summon Ice Beast               Ice/Summoning                4
Comestibles
 d - 2 bread rations
 i - 5 chunks of flesh


   Skills:
 + Level 5.4 Fighting
 + Level 3.9 Dodging
 - Level 9.2 Unarmed Combat
 - Level 2.0 Spellcasting
 + Level 6.0 Transmutations


You had 7 spell levels left.
You knew the following spells:

 Your Spells              Type           Power        Failure   Level  Hunger
k - Sticks to Snakes      Tmut           ####....     1%          2    ##.....
p - Spider Form           Tmut/Pois      ###.......   11%         3    ###....


Dungeon Overview and Level Annotations

Branches:
Dungeon (13/15)            Temple (0/1) D:5
   Lair: D:8-11         Orc: D:9-12      Vaults: D:13-14

Shops:
D:10 ?

Annotations:
D:5 tidbits's ghost, amateur DgWn


Innate Abilities, Weirdness & Mutations

You have an increased reservoir of magic. (+10% MP)
Scrolls take you a little longer to read.
You possess an exceptional clarity of mind.


Message History

You are exhausted.
You feel yourself slow down.
You swing at nothing.
You swing at nothing.
You swing at nothing.
Your transformation is almost over.
You swing at nothing.
You swing at nothing.
You swing at nothing.
You swing at nothing.
You feel less wooden.
Your +0 cloak unmelds from your body.
Your +0 pair of gloves unmelds from your body.
Your +2 pair of boots unmelds from your body.
Your +0 robe unmelds from your body.
Things that are here:
a yak corpse x2; a shapeshifter corpse Butcher a yak corpse? [(y)es/(c)hoosy/(n)o/(a)ll/(e)dible/(q)uit/?]
Butcher a yak corpse? [(y)es/(c)hoosy/(n)o/(a)ll/(e)dible/(q)uit/?]
Okay, then.
You butcher the yak corpse.
i - 5 chunks of flesh
Things that are here:
a yak corpse; a shapeshifter corpse Unknown command.
You feel yourself speed up.
Found a stone staircase leading up.
You open the door.
Found a fruit.
A death knight, 2 freezing wraiths and a skeletal warrior come into view.
The freezing wraith hits you but does no damage.
The freezing wraith hits you. The freezing wraith drains your vigour!
You feel yourself slow down.
There is an open door here.
The freezing wraith hits you but does no damage.
The freezing wraith hits you!
You feel yourself speed up.
You recover from your berserk rage.
The freezing wraith closely misses you.
The freezing wraith hits you but does no damage.
Press: ? - help, v - describe, . - travel The floor.
There is a stone staircase leading up here.
The freezing wraith closely misses you. The freezing wraith hits you!
The freezing wraith drains your vigour!
You feel yourself slow down.
You climb upwards.
The ogre shouts!
A worker ant comes into view.
The ogre barely misses you.
Found a scroll of identify and a runed spear.
There is a stone staircase leading down here.
Really read with blurry vision while enemies are nearby?
Okay, then.
There are monsters nearby!
Okay, then.
The worker ant bites you. The worker ant closely misses you.
The worker ant closely misses you. The worker ant misses you.
The freezing wraith hits you!
* * * LOW HITPOINT WARNING * * *
The freezing wraith freezes you!
* * * LOW HITPOINT WARNING * * *
The freezing wraith barely misses you. The ogre closely misses you.
You feel yourself speed up.
The worker ant waves its antennae.
The worker ant bites you.
* * * LOW HITPOINT WARNING * * *
You are poisoned.
The worker ant poisons you!
You feel sick.
You feel sick.
You feel sick. The worker ant bites you!
* * * LOW HITPOINT WARNING * * *
You feel better. The freezing wraith closely misses you.
The freezing wraith misses you. The worker ant closely misses you.
Found a rapier.
A bullfrog comes into view.
Found 12 poisoned needles.
Okay, then.
Unknown command.
Do you really want to go berserk while wielding your wand of paralysis (7/24)?
A red film seems to cover your vision as you go berserk!
You feel yourself moving faster!
You feel mighty!
The bullfrog gives a loud, deep croak!
The freezing wraith hits you!
* * * LOW HITPOINT WARNING * * *
The freezing wraith freezes you!!
* * * LOW HITPOINT WARNING * * *
The freezing wraith barely misses you.
Really attack while wielding your wand of paralysis (7/24)?
Okay, then.
Wield which item (- for none, * to show all)? (? for menu, Esc to quit)
You are now empty-handed.
A scorpion comes into view.
You barely miss the freezing wraith.
The freezing wraith completely misses you.
The freezing wraith barely misses you.
You barely miss the freezing wraith. You pummel the freezing wraith!!
The freezing wraith is heavily damaged.
The freezing wraith hits you.
You die...

......(....#
.s.........#
...........#
.).........#
...........#
...........#
...........#
....F..@...#
########W###
#####..O.a#
#.........#
#..?......#
#.>.......#
#.........#
#.........#
+.........#


You could see a freezing wraith, a bullfrog, a scorpion and a worker ant.

Vanquished Creatures
  A komodo dragon (shapeshifter) (D:13)
  Grinder (D:3)
  A hippogriff (D:8)
  3 yaks (D:13)
  A water moccasin (D:7)
  An orc warrior (D:13)
  A phantom (D:7)
  A sky beast (D:9)
  An ogre (D:6)
  2 centaurs
  3 bullfrogs
  A gnoll sergeant (D:8)
  A water moccasin zombie (D:11)
  4 wyvern skeletons
  A howler monkey (D:5)
  2 crimson imps
  2 bullfrog zombies
  2 hounds
  A jelly (D:8)
  4 orc priests
  2 iguanas
  4 orc wizards
  6 worker ants
  12 mummies (Ossuary)
  11 gnolls
  6 adders
  A shadow imp (D:7)
  2 oozes
  2 leopard geckos
  16 orcs
  A ball python (D:2)
  4 bats
  2 giant cockroaches
  A goblin (D:2)
  2 hobgoblins
  5 kobolds
  A quokka (D:2)
  A frilled lizard (D:1)
  3 gnoll skeletons (Ossuary)
  2 goblin skeletons (Ossuary)
  A goblin zombie (D:6)
  3 kobold skeletons (Ossuary)
  A quokka skeleton (D:6)
  2 quokka zombies (D:6)
  4 rats
  4 rat skeletons (Ossuary)
133 creatures vanquished.

Vanquished Creatures (collateral kills)
  A crimson imp (D:7)
  An orc (D:3)
  A bat (D:3)
  A goblin (D:3)
  A quokka (D:2)
  A rat (D:2)
  7 rat skeletons (Ossuary)
13 creatures vanquished.

Grand Total: 146 creatures vanquished

Notes
Turn   | Place    | Note
-------+----------+-------------------------------------------
     0 | D:1      | tidbits the Demigod Transmuter began the quest for the Orb.
     0 | D:1      | Reached XP level 1. HP: 15/15 MP: 5/5
    24 | D:1      | Reached skill level 2 in Spellcasting
   172 | D:1      | Reached skill level 2 in Transmutations
   356 | D:3      | Noticed an orc priest
   361 | D:3      | Reached skill level 3 in Unarmed Combat
   361 | D:3      | Reached XP level 2. HP: 21/22 MP: 5/7
   365 | D:3      | Learned a level 2 spell: Sticks to Snakes
   370 | D:3      | Reached XP level 3. HP: 16/27 MP: 4/8
   375 | D:3      | Learned a level 3 spell: Spider Form
   485 | D:2      | Reached skill level 4 in Unarmed Combat
   839 | D:3      | Reached XP level 4. HP: 34/34 MP: 4/9
   942 | D:3      | Noticed Grinder
   943 | D:3      | Paralysed by Grinder for 3 turns
   965 | D:3      | Killed Grinder
   965 | D:3      | Reached skill level 6 in Unarmed Combat
   965 | D:3      | Reached XP level 5. HP: 38/39 MP: 3/10
   979 | D:3      | Gained mutation: Scrolls take you a little longer to read. [potion of mutation]
   979 | D:3      | Gained mutation: You possess an exceptional clarity of mind. [potion of mutation]
  1080 | D:5      | Entered Level 5 of the Dungeon
  1089 | D:5      | Reached XP level 6. HP: 41/46 MP: 6/11
  1114 | D:6      | Reached skill level 7 in Unarmed Combat
  1178 | D:5      | Found a staircase to the Ecumenical Temple.
  1181 | D:5      | Noticed tidbits's ghost (amateur DgWn)
  1343 | D:4      | Reached skill level 1 in Fighting
  1460 | D:6      | Reached XP level 7. HP: 26/52 MP: 8/13
  1548 | D:6      | Found a sand-covered staircase.
  1568 | Ossuary  | Entered an ossuary
  1749 | Ossuary  | Reached skill level 2 in Fighting
  1865 | Ossuary  | Reached skill level 2 in Dodging
  2011 | D:6      | Reached skill level 3 in Dodging
  2149 | D:7      | Reached skill level 8 in Unarmed Combat
  2224 | D:7      | Reached XP level 8. HP: 36/61 MP: 1/14
  2410 | D:7      | Reached skill level 9 in Unarmed Combat
  2565 | D:7      | Reached skill level 3 in Transmutations
  2625 | D:8      | Noticed a hippogriff
  2634 | D:8      | Killed a hippogriff
  2649 | D:8      | Reached skill level 3 in Fighting
  2681 | D:8      | Reached skill level 4 in Transmutations
  2911 | D:9      | Noticed a hornet
  2948 | D:10     | Entered Level 10 of the Dungeon
  2952 | D:10     | Found Igomar's Magic Scroll Shoppe.
  2960 | D:10     | Bought a scroll of identify for 28 gold pieces
  2960 | D:10     | Bought a scroll of teleportation for 42 gold pieces
  2960 | D:10     | Bought a scroll of teleportation for 42 gold pieces
  2960 | D:10     | Bought a scroll of noise for 14 gold pieces
  3109 | D:11     | Reached skill level 4 in Fighting
  3126 | D:11     | Reached skill level 5 in Transmutations
  3126 | D:11     | Reached XP level 9. HP: 62/71 MP: 3/15
  3248 | D:13     | Found a glowing golden altar of the Shining One.
  3264 | D:13     | Noticed a komodo dragon
  3287 | D:13     | Killed a komodo dragon
  3287 | D:13     | Reached skill level 5 in Fighting
  3292 | D:13     | Reached skill level 6 in Transmutations
  3326 | D:13     | Noticed a death knight
  3326 | D:13     | Noticed a freezing wraith
  3326 | D:13     | Noticed a freezing wraith
  3326 | D:13     | Noticed a skeletal warrior
  3344 | D:12     | HP: 1/111 [freezing wraith[a death knight] (19)]
  3348 | D:12     | Slain by a freezing wraith

Skill      XL: |  1  2  3  4  5  6  7  8  9 |
---------------+----------------------------+-----
Spellcasting   | 2 |  2.0
Transmutations | 2 5 6 |  6.0
Unarmed Combat | 3 4 6 7 8 9 |  9.2
Fighting       | 1 2 4 5 |  5.4
Dodging        | 3 |  3.9

Action                   |  1- 3 |  4- 6 |  7- 9 || total
-------------------------+-------+-------+-------++-------
Melee: Unarmed           |    78 |    67 |   300 ||   445
       Headbutt          |     4 |       |       ||     4
       Kick              |     2 |       |       ||     2
       Punch             |       |     1 |     9 ||    10
 Cast: Beastly Appendage |    15 |     1 |       ||    16
       Sticks to Snakes  |     4 |     5 |    24 ||    33
       Spider Form       |     8 |     8 |    31 ||    47
 Abil: Evoke Berserk Rag |       |     1 |     1 ||     2
Evoke: Wand              |       |     7 |     5 ||    12
  Use: Potion            |     1 |     1 |     4 ||     6
       Scroll            |       |     4 |    10 ||    14
 Stab: Sleeping          |     2 |       |     2 ||     4
       Distracted        |     1 |       |     3 ||     4
       Paralysed         |       |    10 |     6 ||    16
  Eat: Chunk             |     1 |     5 |     7 ||    13
       Bread ration      |       |       |     2 ||     2
Armor: Robe              |    14 |     7 |    16 ||    37
       Skin              |       |       |     7 ||     7
Dodge: Dodged            |    53 |    49 |   187 ||   289

Table legend:
 A = Turns spent in this place as a percentage of turns spent in the entire game.
 B = Non-inter-level travel turns spent in this place as a percentage of non-inter-level travel turns spent in the entire game.
 C = Inter-level travel turns spent in this place as a percentage of turns spent in this place.
 D = Turns resting spent in this place as a percentage of non-inter-level travel turns spent in this place.
 E = Turns spent auto-exploring this place as a percentage of non-inter-level travel turns spent in this place.
 F = Non-inter-level travel turns spent in this place divided by the number of levels of this place that you've seen.
                   A       B       C       D       E      F
               +-------+-------+-------+-------+-------+----------------------
         Total | 100.0 | 100.0 |   0.0 |   0.0 |   0.0 | 219.1
       Dungeon |  89.9 |  89.9 |   0.0 |   0.0 |   0.0 | 212.1
       Ossuary |  10.1 |  10.1 |   0.0 |   0.0 |   0.0 | 311.0
               +-------+-------+-------+-------+-------+----------------------

Table legend:
 A = Kills in this place as a percentage of kills in entire the game.
 B = Kills by you in this place as a percentage of kills by you in the entire game.
 C = Kills by friends in this place as a percentage of kills by friends in the entire game.
 D = Other kills in this place as a percentage of other kills in the entire game.
 E = Experience gained in this place as a percentage of experience gained in the entire game.
 F = Experience gained in this place divided by the number of levels of this place that you have seen.
                   A       B       C       D       E      F
               +-------+-------+-------+-------+-------+----------------------
         Total | 100.0 | 100.0 | 100.0 |  -nan | 100.0 | 323.0
       Dungeon |  78.8 |  82.0 |  46.2 |  -nan |  95.0 | 330.5
       Ossuary |  21.2 |  18.0 |  53.8 |  -nan |   5.0 | 225.0
               +-------+-------+-------+-------+-------+----------------------

Vault maps used:
D:1:      dpeg_arrival_simpleton_c
D:2:      nrook_mini_vaults, minmay_pentomino_s2
D:3:      first_bread, amethyst_killhole, uniq_grinder
D:4:      minmay_three_crescents
D:5:      kennysheep_steamy, minmay_temple_entry_grid,
          corexii_item_surrounded_by_moat
D:6:      enter_ossuary_4
D:7:      lemuel_upstairs_altar
D:9:      cheibrodos_elevator_heist, orc_0_dummy
D:10:     serial_shops, shop, grunt_ogre_cave, bh_walls_and_bars, uniq_grum
D:11:     grunt_lair_entry_orc_guard_hut, serial_shops, shop, uniq_fannar
D:13:     nicolae_tso_carved_into_rock
Ossuary:  ossuary_due_small_catacomb
